[ AOE2 MATCH · #476609777 ]
UnrankedChinese vs Magyars
[ REPLAY ANALYSIS · EXTRACTED FROM THE RECORDED GAME ]
Feudal
10:18
Castle
15:06
Imperial
33:19
| APM avg | 36.7 |
| APM peak | 126 |
| eAPM avg | 30.6 |
| Villagers / military | 83 / 220 |
Focus
⚔️ 44.7% · 🌾 55.3%
Chu Ko Nu ×217 · Trebuchet (Packed) ×3
Feudal
10:51
Castle
18:15
Imperial
33:02
| APM avg | 16.9 |
| APM peak | 38 |
| eAPM avg | 9.6 |
| Villagers / military | 101 / 295 |
Focus
⚔️ 26.0% · 🌾 74.0%
Magyar Huszar ×173 · Militia ×117 · Trebuchet (Packed) ×5
Feudal
13:31
Castle
17:03
Imperial
41:28
| APM avg | 19.2 |
| APM peak | 45 |
| eAPM avg | 11.7 |
| Villagers / military | 131 / 176 |
Focus
⚔️ 34.7% · 🌾 65.3%
Hussite Wagon ×123 · Spearman ×37 · Trade Cart ×19 · Bombard Cannon ×13 · Battering Ram ×3
Feudal
13:51
Castle
19:13
Imperial
—
| APM avg | 20.5 |
| APM peak | 58 |
| eAPM avg | 12.3 |
| Villagers / military | 94 / 192 |
Focus
⚔️ 44.1% · 🌾 55.9%
Spearman ×63 · Battering Ram ×60 · Militia ×49 · Mangonel ×16 · Scorpion ×3 · Monk ×1
Feudal
11:15
Castle
15:19
Imperial
—
| APM avg | 12.4 |
| APM peak | 30 |
| eAPM avg | 9.7 |
| Villagers / military | 190 / 79 |
Focus
⚔️ 16.2% · 🌾 83.8%
Knight ×79
Feudal
11:31
Castle
18:06
Imperial
34:34
| APM avg | 17.6 |
| APM peak | 42 |
| eAPM avg | 12.6 |
| Villagers / military | 138 / 169 |
Focus
⚔️ 37.2% · 🌾 62.8%
Tarkan ×145 · Spearman ×19 · Trade Cart ×9 · Trebuchet (Packed) ×3 · Monk ×2
Feudal
—
Castle
—
Imperial
—
| APM avg | 44.1 |
| APM peak | 93 |
| eAPM avg | 16.7 |
| Villagers / military | 95 / 262 |
Focus
⚔️ 41.4% · 🌾 58.6%
Skirmisher ×232 · Bombard Cannon ×13 · Hussite Wagon ×9 · Battering Ram ×4 · Mangonel ×3 · Spearman ×1
Feudal
11:40
Castle
19:41
Imperial
44:00
| APM avg | 17.6 |
| APM peak | 38 |
| eAPM avg | 12.4 |
| Villagers / military | 141 / 100 |
Focus
⚔️ 23.7% · 🌾 76.3%
Spearman ×48 · Gbeto ×42 · Militia ×10 · Trade Cart ×4
Match map
Initial resources + every placement click. Lines = walls · curves = elevation contours. ◆ gold · ⬟ stone · ● berries · ✦ relic · ◌ wall gap
Your base· ✓ Closed at 15:06 · 0t walls · 2 gate(s)
aktaa_darwish's base· ✓ Closed at 18:15 · 0t walls · 3 gate(s)
pippo's base· ✓ Closed at 17:03 · 0t walls · 2 gate(s)
Nimoy's base· ✓ Closed at 19:13 · 0t walls · 2 gate(s)
marco's base· ✓ Closed at 15:19 · 0t walls · 2 gate(s)
[420] Maxy Tannen's base· ✓ Closed at 18:06 · 0t walls · 3 gate(s)
RelyingMarlin25's base· ✓ Closed at 14:39 · 0t walls · 2 gate(s)
Estefano's base· ✓ Closed at 19:41 · 0t walls · 3 gate(s)
Smoothed initial terrain · ◌ = detected wall gap · hover for details
Inputs per minute
— benegesserit_333 - - aktaa_darwish
Build order — benegesserit_333
First 150 of 388 actions detected
| 0:49 | Create | Villager (Male) |
| 1:21 | Create | Villager (Male) |
| 1:28 | Build | Lumber Camp |
| 1:46 | Create | Villager (Male) |
| 2:19 | Create | Villager (Male) |
| 2:50 | Create | Villager (Male) |
| 3:24 | Create | Villager (Male) |
| 3:33 | Build | Mill |
| 3:55 | Build | House |
| 3:57 | Create | Villager (Male) |
| 4:26 | Create | Villager (Male) |
| 4:55 | Create | Villager (Male) |
| 5:35 | Build | Mining Camp |
| 5:37 | Create | Villager (Male) |
| 6:00 | Create | Villager (Male) |
| 6:32 | Create | Villager (Male) |
| 7:05 | Create | Villager (Male) |
| 7:45 | Create | Villager (Male) |
| 8:08 | Research | Feudal Age |
| 8:37 | Build | Barracks |
| 9:12 | Build | Mill |
| 10:18 | Age | Feudal Age |
| 10:21 | Build | Archery Range |
| 10:30 | Create | Villager (Male) |
| 11:27 | Build | Blacksmith |
| 12:23 | Research | Castle Age |
| 13:00 | Build | Mining Camp |
| 13:06 | Research | Double-Bit Axe |
| 13:15 | Build | House |
| 13:42 | Research | Stone Mining |
| 14:40 | Create | Villager (Male) |
| 15:06 | Age | Castle Age |
| 15:11 | Create | Villager (Male) |
| 15:36 | Create | Villager (Male) |
| 15:46 | Build | Farm |
| 15:49 | Build | Farm |
| 15:55 | Build | Farm |
| 16:00 | Build | Farm |
| 16:03 | Build | Farm |
| 16:39 | Build | Castle |
| 16:49 | Create | Villager (Male) |
| 17:17 | Create | Villager (Male) |
| 17:28 | Build | Town Center |
| 17:44 | Create | Villager (Male) |
| 17:47 | Build | Farm |
| 17:51 | Build | House |
| 18:38 | Create | Villager (Male) |
| 18:56 | Build | Farm |
| 18:57 | Create | Villager (Male) |
| 19:09 | Create | Villager (Male) |
| 19:19 | Build | Farm |
| 19:47 | Build | Farm |
| 19:48 | Create | Villager (Male) |
| 20:13 | Create | Villager (Male) |
| 20:16 | Build | Farm |
| 20:21 | Create | Villager (Male) |
| 20:21 | Create | Villager (Male) |
| 20:37 | Create | Chu Ko Nu |
| 20:37 | Create | Chu Ko Nu |
| 20:37 | Create | Chu Ko Nu |
| 20:50 | Create | Villager (Male) |
| 20:54 | Build | Farm |
| 20:55 | Create | Villager (Male) |
| 21:04 | Build | Farm |
| 21:07 | Build | Farm |
| 21:11 | Create | Villager (Male) |
| 21:12 | Create | Villager (Male) |
| 21:38 | Build | Farm |
| 21:42 | Create | Villager (Male) |
| 21:46 | Create | Villager (Male) |
| 22:19 | Build | Farm |
| 22:36 | Build | Farm |
| 22:42 | Build | Farm |
| 22:48 | Create | Villager (Male) |
| 23:14 | Build | Castle |
| 23:21 | Research | Wheelbarrow |
| 23:23 | Create | Villager (Male) |
| 23:29 | Build | Farm |
| 23:38 | Create | Chu Ko Nu |
| 23:38 | Create | Chu Ko Nu |
| 23:39 | Create | Chu Ko Nu |
| 23:39 | Create | Chu Ko Nu |
| 23:59 | Create | Villager (Male) |
| 24:17 | Research | Bow Saw |
| 24:28 | Create | Villager (Male) |
| 25:04 | Create | Chu Ko Nu |
| 25:04 | Create | Chu Ko Nu |
| 25:04 | Create | Chu Ko Nu |
| 25:15 | Create | Villager (Male) |
| 25:15 | Create | Villager (Male) |
| 25:17 | Create | Villager (Male) |
| 25:18 | Create | Villager (Male) |
| 25:44 | Create | Villager (Male) |
| 25:53 | Build | University |
| 25:58 | Create | Villager (Male) |
| 26:03 | Create | Villager (Male) |
| 26:09 | Create | Villager (Male) |
| 26:19 | Research | Padded Archer Armor |
| 26:20 | Research | Fletching |
| 26:42 | Build | Farm |
| 26:44 | Create | Villager (Male) |
| 26:48 | Create | Villager (Male) |
| 26:50 | Build | Farm |
| 27:05 | Research | Thumb Ring |
| 27:10 | Build | Farm |
| 27:12 | Create | Villager (Male) |
| 27:24 | Build | Farm |
| 27:27 | Create | Villager (Male) |
| 27:44 | Build | Mining Camp |
| 27:48 | Create | Villager (Male) |
| 27:52 | Create | Villager (Male) |
| 28:55 | Create | Villager (Male) |
| 29:01 | Create | Villager (Male) |
| 29:01 | Create | Villager (Male) |
| 29:16 | Build | Mining Camp |
| 29:23 | Research | Gold Mining |
| 29:26 | Create | Villager (Male) |
| 29:27 | Create | Villager (Male) |
| 29:35 | Create | Villager (Male) |
| 29:35 | Create | Villager (Male) |
| 29:59 | Create | Villager (Male) |
| 30:08 | Research | Imperial Age |
| 30:36 | Build | Castle |
| 30:45 | Create | Chu Ko Nu |
| 30:45 | Create | Chu Ko Nu |
| 30:46 | Create | Chu Ko Nu |
| 30:46 | Create | Chu Ko Nu |
| 30:46 | Create | Chu Ko Nu |
| 30:46 | Create | Chu Ko Nu |
| 30:47 | Create | Chu Ko Nu |
| 30:47 | Create | Chu Ko Nu |
| 30:47 | Create | Chu Ko Nu |
| 31:03 | Build | Town Center |
| 31:19 | Build | Farm |
| 31:31 | Create | Villager (Male) |
| 31:31 | Create | Villager (Male) |
| 31:35 | Research | Hand Cart |
| 31:43 | Research | Ballistics |
| 32:40 | Create | Chu Ko Nu |
| 32:40 | Create | Chu Ko Nu |
| 32:40 | Create | Chu Ko Nu |
| 32:40 | Create | Chu Ko Nu |
| 32:41 | Create | Chu Ko Nu |
| 32:41 | Create | Chu Ko Nu |
| 32:41 | Create | Chu Ko Nu |
| 32:42 | Create | Chu Ko Nu |
| 32:56 | Create | Chu Ko Nu |
| 32:56 | Create | Chu Ko Nu |
| 33:02 | Create | Villager (Male) |
| 33:03 | Create | Villager (Male) |
Build order — aktaa_darwish
First 150 of 315 actions detected
| 0:02 | Create | Villager (Male) |
| 0:03 | Research | Loom |
| 0:04 | Create | Villager (Male) ×3 |
| 0:05 | Create | Villager (Male) ×3 |
| 0:18 | Build | House |
| 0:19 | Build | House |
| 0:21 | Build | House |
| 0:22 | Build | House |
| 1:48 | Create | Villager (Male) |
| 1:48 | Create | Villager (Male) |
| 2:49 | Build | Lumber Camp |
| 2:51 | Create | Villager (Male) |
| 2:51 | Create | Villager (Male) |
| 2:51 | Create | Villager (Male) |
| 3:23 | Create | Villager (Male) |
| 3:24 | Create | Villager (Male) |
| 3:47 | Create | Villager (Male) |
| 3:48 | Create | Villager (Male) |
| 4:29 | Create | Villager (Male) |
| 4:29 | Create | Villager (Male) |
| 4:51 | Create | Villager (Male) |
| 4:51 | Create | Villager (Male) |
| 5:33 | Create | Villager (Male) |
| 5:33 | Create | Villager (Male) |
| 6:45 | Create | Villager (Male) |
| 6:45 | Create | Villager (Male) |
| 7:32 | Create | Villager (Male) |
| 8:06 | Build | Mill |
| 8:13 | Create | Villager (Male) |
| 8:33 | Research | Feudal Age |
| 9:21 | Build | Mill |
| 9:35 | Build | House |
| 9:51 | Create | Villager (Male) |
| 9:52 | Create | Villager (Male) |
| 10:32 | Build | House |
| 10:33 | Build | House |
| 10:51 | Age | Feudal Age |
| 11:02 | Create | Villager (Male) |
| 11:38 | Build | House |
| 11:39 | Build | House |
| 11:51 | Build | Mining Camp |
| 11:57 | Create | Villager (Male) |
| 12:25 | Create | Villager (Male) |
| 12:47 | Create | Villager (Male) |
| 12:58 | Build | House |
| 13:00 | Build | House |
| 13:11 | Build | Blacksmith |
| 13:17 | Build | Market |
| 13:19 | Create | Villager (Male) |
| 13:39 | Create | Villager (Male) |
| 14:20 | Build | Farm |
| 14:22 | Build | Farm |
| 14:23 | Build | Farm |
| 14:31 | Build | Farm |
| 15:02 | Build | Farm |
| 15:03 | Build | Farm |
| 15:04 | Build | Farm |
| 15:06 | Build | Farm |
| 15:08 | Build | Farm |
| 15:35 | Research | Castle Age |
| 15:58 | Build | Barracks |
| 16:18 | Build | Farm |
| 16:39 | Build | Farm |
| 17:06 | Build | Farm |
| 17:41 | Research | Man-at-Arms (upgrade) |
| 17:42 | Create | Militia |
| 17:56 | Create | Villager (Male) |
| 17:56 | Create | Villager (Male) |
| 18:15 | Age | Castle Age |
| 18:30 | Build | Town Center |
| 18:45 | Create | Villager (Male) |
| 18:45 | Create | Villager (Male) |
| 18:46 | Create | Villager (Male) |
| 19:15 | Create | Villager (Male) |
| 19:15 | Create | Villager (Male) |
| 19:15 | Create | Villager (Male) |
| 19:15 | Create | Villager (Male) |
| 19:38 | Create | Villager (Male) |
| 19:38 | Create | Villager (Male) |
| 19:49 | Research | Long Swordsman (upgrade) |
| 20:14 | Create | Villager (Male) |
| 20:14 | Create | Villager (Male) |
| 20:42 | Build | Town Center |
| 20:45 | Create | Villager (Male) |
| 20:50 | Create | Villager (Male) |
| 21:04 | Research | Horse Collar |
| 21:04 | Research | Horse Collar |
| 21:24 | Create | Villager (Male) |
| 21:25 | Create | Villager (Male) |
| 21:41 | Build | Farm |
| 21:43 | Build | Farm |
| 21:44 | Build | Farm |
| 21:46 | Build | Farm |
| 21:49 | Create | Villager (Male) |
| 21:53 | Create | Villager (Male) |
| 22:22 | Build | Barracks |
| 22:26 | Create | Militia |
| 22:35 | Create | Villager (Male) |
| 22:36 | Create | Villager (Male) |
| 22:47 | Create | Villager (Male) |
| 22:47 | Create | Villager (Male) |
| 23:09 | Create | Villager (Male) |
| 23:13 | Create | Villager (Male) |
| 23:23 | Build | Farm |
| 23:24 | Build | Farm |
| 23:26 | Build | Farm |
| 23:29 | Build | Farm |
| 23:33 | Create | Villager (Male) |
| 23:36 | Build | Farm |
| 23:42 | Create | Militia |
| 23:46 | Create | Militia |
| 24:17 | Create | Villager (Male) ×3 |
| 24:23 | Build | Farm |
| 24:34 | Create | Villager (Male) ×2 |
| 24:40 | Create | Villager (Male) |
| 25:15 | Build | Farm |
| 25:16 | Build | Farm |
| 25:17 | Build | Farm |
| 25:19 | Build | Farm |
| 25:20 | Build | Farm |
| 25:21 | Build | Farm |
| 25:22 | Build | Farm |
| 25:23 | Build | Farm |
| 25:33 | Create | Villager (Male) |
| 25:33 | Create | Villager (Male) |
| 25:34 | Create | Villager (Male) |
| 25:34 | Create | Villager (Male) |
| 25:47 | Build | House |
| 25:53 | Create | Militia |
| 25:53 | Create | Militia |
| 25:55 | Create | Militia |
| 25:56 | Create | Militia |
| 26:29 | Build | Castle |
| 26:58 | Build | Farm |
| 27:01 | Create | Villager (Male) |
| 27:02 | Create | Villager (Male) |
| 27:02 | Create | Villager (Male) |
| 27:09 | Create | Villager (Male) |
| 27:47 | Create | Villager (Male) ×5 |
| 27:54 | Create | Villager (Male) |
| 27:56 | Create | Villager (Male) |
| 28:36 | Build | House |
| 28:37 | Build | House |
| 28:38 | Build | House |
| 28:51 | Build | Mill |
| 28:56 | Build | Farm |
| 28:57 | Build | Farm |
| 28:58 | Build | Farm |
| 28:59 | Build | Farm |
| 29:00 | Build | Farm |
Build order — pippo
First 150 of 398 actions detected
| 0:01 | Create | Villager (Male) |
| 0:01 | Create | Villager (Male) |
| 0:02 | Create | Villager (Male) |
| 0:03 | Build | House |
| 0:05 | Build | House |
| 0:36 | Create | Villager (Male) |
| 0:36 | Create | Villager (Male) |
| 1:32 | Create | Villager (Male) |
| 1:33 | Create | Villager (Male) |
| 1:48 | Build | Lumber Camp |
| 1:59 | Create | Villager (Male) |
| 1:59 | Create | Villager (Male) |
| 2:12 | Research | Loom |
| 2:18 | Create | Villager (Male) |
| 2:18 | Create | Villager (Male) |
| 2:37 | Create | Villager (Male) |
| 2:38 | Create | Villager (Male) |
| 3:09 | Create | Villager (Male) |
| 3:09 | Create | Villager (Male) |
| 3:09 | Create | Villager (Male) |
| 3:25 | Create | Villager (Male) |
| 3:26 | Create | Villager (Male) |
| 3:29 | Build | House |
| 3:30 | Build | House |
| 4:02 | Create | Villager (Male) |
| 4:02 | Create | Villager (Male) |
| 4:23 | Build | Mill |
| 4:31 | Build | House |
| 4:37 | Create | Villager (Male) |
| 4:37 | Create | Villager (Male) |
| 4:41 | Build | House |
| 5:06 | Create | Villager (Male) |
| 5:06 | Create | Villager (Male) |
| 5:22 | Create | Villager (Male) |
| 5:22 | Create | Villager (Male) |
| 5:50 | Build | Mining Camp |
| 5:56 | Create | Villager (Male) |
| 5:56 | Create | Villager (Male) |
| 6:00 | Create | Villager (Male) |
| 6:17 | Create | Villager (Male) |
| 6:17 | Create | Villager (Male) |
| 6:35 | Create | Villager (Male) |
| 6:50 | Create | Villager (Male) |
| 6:51 | Create | Villager (Male) |
| 7:03 | Create | Villager (Male) |
| 7:28 | Build | Lumber Camp |
| 7:55 | Create | Villager (Male) |
| 7:55 | Create | Villager (Male) |
| 8:36 | Build | Farm |
| 8:39 | Build | Farm |
| 8:46 | Build | Farm |
| 8:54 | Create | Villager (Male) |
| 8:54 | Create | Villager (Male) |
| 8:55 | Create | Villager (Male) |
| 9:13 | Build | Farm |
| 9:27 | Build | Mining Camp |
| 10:06 | Build | Farm |
| 10:13 | Build | Farm |
| 10:28 | Build | Farm |
| 10:32 | Create | Villager (Male) |
| 10:34 | Research | Feudal Age |
| 10:51 | Build | Farm |
| 11:15 | Build | Farm |
| 11:24 | Create | Villager (Male) |
| 11:24 | Create | Villager (Male) |
| 11:27 | Build | House |
| 12:25 | Build | House |
| 13:10 | Research | Loom |
| 13:31 | Age | Feudal Age |
| 13:33 | Build | Market |
| 13:37 | Build | Blacksmith |
| 14:23 | Research | Castle Age |
| 14:23 | Research | Castle Age |
| 14:23 | Research | Castle Age |
| 14:23 | Research | Castle Age |
| 14:28 | Research | Loom |
| 14:31 | Create | Villager (Male) |
| 14:40 | Create | Villager (Male) |
| 15:02 | Create | Villager (Male) |
| 15:24 | Build | Farm |
| 16:33 | Build | Lumber Camp |
| 16:56 | Create | Villager (Male) |
| 17:03 | Age | Castle Age |
| 17:13 | Build | Town Center |
| 17:20 | Build | Town Center |
| 17:29 | Build | Castle |
| 17:50 | Build | House |
| 18:01 | Build | Castle |
| 18:12 | Build | House |
| 18:30 | Create | Villager (Male) |
| 18:30 | Create | Villager (Male) |
| 18:30 | Create | Villager (Male) |
| 18:56 | Create | Villager (Male) |
| 18:57 | Create | Villager (Male) |
| 18:57 | Create | Villager (Male) |
| 18:57 | Create | Villager (Male) |
| 19:04 | Create | Villager (Male) |
| 19:05 | Create | Villager (Male) |
| 19:05 | Create | Villager (Male) |
| 19:09 | Build | Farm |
| 19:10 | Build | Farm |
| 19:12 | Build | Farm |
| 19:31 | Create | Hussite Wagon |
| 19:32 | Create | Hussite Wagon |
| 20:01 | Build | University |
| 20:10 | Create | Villager (Male) |
| 20:10 | Create | Villager (Male) |
| 20:10 | Create | Villager (Male) |
| 20:19 | Build | Farm |
| 20:27 | Create | Villager (Male) |
| 20:28 | Create | Villager (Male) |
| 20:31 | Research | Double-Bit Axe |
| 20:46 | Create | Hussite Wagon |
| 20:47 | Create | Hussite Wagon |
| 21:01 | Create | Villager (Male) |
| 21:01 | Create | Villager (Male) |
| 21:04 | Build | Farm |
| 21:05 | Create | Villager (Male) |
| 21:06 | Create | Villager (Male) |
| 21:15 | Create | Hussite Wagon |
| 21:15 | Create | Hussite Wagon |
| 21:16 | Create | Hussite Wagon |
| 21:28 | Create | Villager (Male) |
| 21:28 | Create | Villager (Male) |
| 21:29 | Create | Villager (Male) |
| 21:39 | Create | Hussite Wagon |
| 21:40 | Create | Hussite Wagon |
| 21:53 | Create | Hussite Wagon |
| 21:53 | Create | Hussite Wagon |
| 21:55 | Create | Villager (Male) |
| 21:56 | Create | Villager (Male) |
| 21:56 | Create | Villager (Male) |
| 22:04 | Create | Villager (Male) |
| 22:04 | Create | Villager (Male) |
| 22:17 | Build | Siege Workshop |
| 22:21 | Create | Villager (Male) |
| 22:30 | Create | Hussite Wagon |
| 22:31 | Create | Hussite Wagon |
| 22:53 | Create | Hussite Wagon |
| 22:53 | Create | Hussite Wagon |
| 23:01 | Create | Villager (Male) |
| 23:01 | Create | Villager (Male) |
| 23:13 | Create | Villager (Male) |
| 23:14 | Create | Villager (Male) |
| 23:27 | Build | Mining Camp |
| 23:30 | Create | Hussite Wagon |
| 23:31 | Create | Hussite Wagon |
| 23:31 | Create | Hussite Wagon |
| 23:35 | Build | House |
| 23:37 | Build | House |
Build order — Nimoy
First 150 of 344 actions detected
| 0:07 | Create | Villager (Male) |
| 0:07 | Research | Loom |
| 0:08 | Create | Villager (Male) |
| 0:08 | Create | Villager (Male) |
| 0:08 | Create | Villager (Male) |
| 0:08 | Create | Villager (Male) |
| 0:09 | Create | Villager (Male) |
| 0:15 | Build | House |
| 0:18 | Build | House |
| 1:35 | Build | Mule Cart |
| 2:01 | Create | Villager (Male) |
| 2:01 | Create | Villager (Male) |
| 2:02 | Create | Villager (Male) |
| 2:36 | Create | Villager (Male) |
| 2:36 | Create | Villager (Male) |
| 2:49 | Create | Villager (Male) |
| 2:49 | Create | Villager (Male) |
| 2:49 | Create | Villager (Male) |
| 2:49 | Create | Villager (Male) |
| 3:17 | Create | Villager (Male) |
| 3:17 | Create | Villager (Male) |
| 3:17 | Create | Villager (Male) |
| 3:57 | Create | Villager (Male) |
| 3:57 | Create | Villager (Male) |
| 3:57 | Create | Villager (Male) |
| 4:28 | Build | Mill |
| 4:31 | Create | Villager (Male) |
| 4:31 | Create | Villager (Male) |
| 4:31 | Create | Villager (Male) |
| 4:31 | Create | Villager (Male) |
| 4:59 | Build | House |
| 5:03 | Build | House |
| 5:09 | Create | Villager (Male) |
| 5:09 | Create | Villager (Male) |
| 5:10 | Create | Villager (Male) |
| 5:10 | Create | Villager (Male) |
| 5:29 | Create | Villager (Male) |
| 5:29 | Create | Villager (Male) |
| 5:30 | Create | Villager (Male) |
| 5:51 | Create | Villager (Male) |
| 5:52 | Create | Villager (Male) |
| 5:52 | Create | Villager (Male) |
| 5:52 | Create | Villager (Male) |
| 6:12 | Create | Villager (Male) |
| 6:13 | Create | Villager (Male) |
| 6:13 | Create | Villager (Male) |
| 6:29 | Create | Villager (Male) |
| 6:29 | Create | Villager (Male) |
| 6:29 | Create | Villager (Male) |
| 6:47 | Build | Mule Cart |
| 7:11 | Build | House |
| 7:13 | Build | House |
| 7:16 | Build | House |
| 7:39 | Create | Villager (Male) |
| 7:39 | Create | Villager (Male) |
| 7:39 | Create | Villager (Male) |
| 7:39 | Create | Villager (Male) |
| 7:40 | Create | Villager (Male) |
| 8:13 | Create | Villager (Male) |
| 8:13 | Create | Villager (Male) |
| 8:14 | Create | Villager (Male) |
| 8:14 | Create | Villager (Male) |
| 8:14 | Create | Villager (Male) |
| 8:14 | Create | Villager (Male) |
| 8:14 | Create | Villager (Male) |
| 8:15 | Create | Villager (Male) |
| 8:26 | Build | House |
| 8:29 | Build | House |
| 8:31 | Build | House |
| 8:34 | Build | House |
| 8:36 | Build | House |
| 9:00 | Build | Mule Cart |
| 9:42 | Build | Farm |
| 10:10 | Build | Farm |
| 10:57 | Build | Mule Cart |
| 11:06 | Build | Farm |
| 11:13 | Create | Villager (Male) |
| 11:22 | Build | Farm |
| 11:27 | Research | Feudal Age |
| 11:55 | Create | Villager (Male) |
| 11:55 | Create | Villager (Male) |
| 11:55 | Create | Villager (Male) |
| 11:55 | Create | Villager (Male) |
| 11:55 | Create | Villager (Male) |
| 11:56 | Create | Villager (Male) |
| 12:44 | Build | Farm |
| 13:12 | Build | Farm |
| 13:23 | Build | Farm |
| 13:51 | Age | Feudal Age |
| 13:57 | Research | Double-Bit Axe |
| 14:02 | Research | Gold Mining |
| 15:03 | Build | Barracks |
| 15:30 | Build | Market |
| 15:33 | Research | Man-at-Arms (upgrade) |
| 15:34 | Research | Arson |
| 16:02 | Build | Blacksmith |
| 16:33 | Research | Castle Age |
| 16:44 | Build | Barracks |
| 17:16 | Research | Long Swordsman (upgrade) |
| 17:19 | Create | Militia |
| 17:20 | Create | Militia |
| 17:20 | Create | Militia |
| 17:33 | Create | Militia |
| 17:33 | Create | Militia |
| 17:49 | Create | Militia |
| 17:49 | Create | Militia |
| 17:49 | Create | Militia |
| 18:01 | Create | Militia |
| 18:01 | Create | Militia |
| 18:16 | Build | Watch Tower |
| 18:24 | Create | Militia |
| 18:25 | Create | Militia |
| 18:25 | Create | Militia |
| 18:25 | Create | Militia |
| 18:50 | Create | Militia |
| 18:50 | Create | Militia |
| 19:13 | Age | Castle Age |
| 19:16 | Build | Siege Workshop |
| 19:28 | Research | Two-Handed Swordsman (upgrade) |
| 19:38 | Create | Militia |
| 19:38 | Create | Militia |
| 19:57 | Create | Battering Ram |
| 19:57 | Create | Battering Ram |
| 19:57 | Create | Battering Ram |
| 20:23 | Create | Battering Ram |
| 20:23 | Create | Battering Ram |
| 20:27 | Create | Militia |
| 20:27 | Create | Militia |
| 20:28 | Research | Squires |
| 21:07 | Create | Militia |
| 21:08 | Create | Militia |
| 21:25 | Create | Militia |
| 21:25 | Create | Militia |
| 21:25 | Create | Militia |
| 21:34 | Create | Battering Ram |
| 21:35 | Create | Battering Ram |
| 21:35 | Create | Battering Ram |
| 22:20 | Create | Battering Ram |
| 22:20 | Create | Battering Ram |
| 22:20 | Create | Battering Ram |
| 22:21 | Create | Battering Ram |
| 22:44 | Create | Militia |
| 22:44 | Create | Militia |
| 22:44 | Create | Militia |
| 22:44 | Create | Militia |
| 22:45 | Create | Militia |
| 22:45 | Create | Militia |
| 23:30 | Create | Militia |
| 23:30 | Create | Militia |
| 23:30 | Create | Militia |
Build order — marco
First 150 of 322 actions detected
| 0:02 | Create | Villager (Male) |
| 0:02 | Create | Villager (Male) |
| 0:03 | Create | Villager (Male) |
| 0:03 | Create | Villager (Male) |
| 0:03 | Create | Villager (Male) |
| 0:05 | Build | House |
| 0:08 | Build | House |
| 1:23 | Create | Villager (Male) |
| 1:23 | Create | Villager (Male) |
| 1:24 | Create | Villager (Male) |
| 1:59 | Build | Lumber Camp |
| 2:07 | Build | House |
| 2:13 | Create | Villager (Male) |
| 2:13 | Create | Villager (Male) |
| 2:14 | Create | Villager (Male) |
| 3:06 | Create | Villager (Male) |
| 3:06 | Create | Villager (Male) |
| 3:43 | Build | Mill |
| 4:01 | Create | Villager (Male) |
| 4:01 | Create | Villager (Male) |
| 4:32 | Create | Villager (Male) |
| 4:32 | Create | Villager (Male) |
| 4:49 | Create | Villager (Male) |
| 5:10 | Build | Farm |
| 5:34 | Build | House |
| 5:38 | Create | Villager (Male) |
| 5:38 | Create | Villager (Male) |
| 6:09 | Create | Villager (Male) |
| 6:43 | Create | Villager (Male) |
| 6:55 | Build | House |
| 7:36 | Create | Villager (Male) |
| 7:51 | Create | Villager (Male) |
| 7:53 | Create | Villager (Male) |
| 7:53 | Create | Villager (Male) |
| 8:00 | Build | Farm |
| 8:06 | Build | Farm |
| 8:39 | Build | Farm |
| 8:48 | Research | Feudal Age |
| 8:50 | Create | Villager (Male) |
| 8:50 | Create | Villager (Male) |
| 9:30 | Build | Mining Camp |
| 9:42 | Build | Farm |
| 9:54 | Build | Farm |
| 10:18 | Build | Farm |
| 10:24 | Build | Farm |
| 10:40 | Build | House |
| 10:52 | Build | Farm |
| 11:15 | Age | Feudal Age |
| 11:31 | Build | Market |
| 12:20 | Build | Blacksmith |
| 12:31 | Create | Villager (Male) |
| 12:45 | Build | Mining Camp |
| 12:53 | Research | Castle Age |
| 13:14 | Create | Villager (Male) |
| 13:14 | Create | Villager (Male) |
| 13:33 | Build | Farm |
| 13:39 | Research | Double-Bit Axe |
| 14:11 | Research | Horse Collar |
| 14:17 | Research | Stone Mining |
| 14:29 | Build | House |
| 15:19 | Age | Castle Age |
| 15:25 | Build | Town Center |
| 15:27 | Create | Villager (Male) |
| 15:32 | Create | Villager (Male) |
| 15:52 | Build | Town Center |
| 15:54 | Create | Villager (Male) |
| 16:14 | Create | Villager (Male) |
| 16:32 | Create | Villager (Male) |
| 16:47 | Create | Villager (Male) |
| 16:49 | Create | Villager (Male) |
| 17:01 | Build | Town Center |
| 17:01 | Create | Villager (Male) |
| 17:17 | Build | Farm |
| 17:17 | Create | Villager (Male) |
| 17:18 | Create | Villager (Male) |
| 17:31 | Build | Farm |
| 17:33 | Create | Villager (Male) |
| 17:39 | Build | Farm |
| 17:43 | Build | Farm |
| 17:45 | Create | Villager (Male) |
| 17:57 | Build | Farm |
| 17:59 | Create | Villager (Male) |
| 18:00 | Create | Villager (Male) |
| 18:06 | Build | Farm |
| 18:13 | Build | Farm |
| 18:14 | Create | Villager (Male) |
| 18:15 | Create | Villager (Male) |
| 18:28 | Build | Farm |
| 18:29 | Build | Farm |
| 18:42 | Build | Farm |
| 18:44 | Create | Villager (Male) |
| 18:44 | Create | Villager (Male) |
| 18:44 | Create | Villager (Male) |
| 18:45 | Create | Villager (Male) |
| 18:53 | Build | Farm |
| 18:57 | Build | Farm |
| 18:58 | Create | Villager (Male) |
| 18:59 | Create | Villager (Male) |
| 19:05 | Build | Farm |
| 19:16 | Build | Farm |
| 19:17 | Create | Villager (Male) |
| 19:18 | Create | Villager (Male) |
| 19:18 | Create | Villager (Male) |
| 19:18 | Create | Villager (Male) |
| 19:30 | Create | Villager (Male) |
| 19:31 | Create | Villager (Male) |
| 19:31 | Create | Villager (Male) |
| 19:31 | Create | Villager (Male) |
| 19:40 | Build | Farm |
| 19:44 | Create | Villager (Male) |
| 19:44 | Create | Villager (Male) |
| 20:19 | Build | Castle |
| 20:23 | Create | Villager (Male) |
| 20:23 | Create | Villager (Male) |
| 20:24 | Create | Villager (Male) |
| 20:24 | Create | Villager (Male) |
| 20:24 | Create | Villager (Male) |
| 20:28 | Create | Villager (Male) |
| 20:29 | Create | Villager (Male) |
| 20:29 | Create | Villager (Male) |
| 20:43 | Create | Villager (Male) |
| 20:43 | Create | Villager (Male) |
| 20:43 | Create | Villager (Male) |
| 20:53 | Build | House |
| 20:55 | Build | House |
| 20:57 | Build | House |
| 20:59 | Build | House |
| 21:02 | Create | Villager (Male) |
| 21:02 | Create | Villager (Male) |
| 21:02 | Create | Villager (Male) |
| 21:34 | Build | Barracks |
| 21:39 | Create | Villager (Male) |
| 21:40 | Create | Villager (Male) |
| 21:40 | Create | Villager (Male) |
| 22:10 | Build | Town Center |
| 22:12 | Create | Villager (Male) |
| 22:12 | Create | Villager (Male) |
| 22:26 | Create | Villager (Male) |
| 22:27 | Create | Villager (Male) |
| 22:27 | Create | Villager (Male) |
| 22:39 | Create | Villager (Male) |
| 22:39 | Create | Villager (Male) |
| 22:50 | Research | Gold Mining |
| 23:19 | Create | Villager (Male) |
| 23:19 | Create | Villager (Male) |
| 23:20 | Create | Villager (Male) |
| 23:34 | Build | Stable |
| 23:39 | Build | Stable |
| 23:42 | Build | Stable |
| 23:46 | Create | Villager (Male) |
Build order — [420] Maxy Tannen
First 150 of 440 actions detected
| 0:04 | Create | Villager (Male) |
| 0:05 | Create | Villager (Male) |
| 0:05 | Create | Villager (Male) |
| 0:05 | Create | Villager (Male) |
| 0:05 | Create | Villager (Male) |
| 2:00 | Create | Villager (Male) |
| 2:02 | Create | Villager (Male) |
| 3:02 | Create | Villager (Male) |
| 3:02 | Create | Villager (Male) |
| 3:49 | Create | Villager (Male) |
| 3:56 | Create | Villager (Male) |
| 5:18 | Create | Villager (Male) |
| 5:19 | Create | Villager (Male) |
| 5:34 | Create | Villager (Male) |
| 5:54 | Create | Villager (Male) |
| 6:42 | Create | Villager (Male) |
| 6:51 | Create | Villager (Male) |
| 7:07 | Build | Mill |
| 7:15 | Build | Mill |
| 7:43 | Build | Lumber Camp |
| 8:06 | Create | Villager (Male) |
| 8:08 | Create | Villager (Male) |
| 8:08 | Create | Villager (Male) |
| 8:43 | Build | Mining Camp |
| 9:09 | Build | Farm |
| 9:18 | Research | Feudal Age |
| 9:33 | Build | Farm |
| 10:02 | Build | Farm |
| 10:42 | Build | Farm |
| 11:15 | Create | Villager (Male) |
| 11:15 | Create | Villager (Male) |
| 11:31 | Age | Feudal Age |
| 11:34 | Research | Double-Bit Axe |
| 11:39 | Research | Horse Collar |
| 11:59 | Build | Farm |
| 12:07 | Build | Mining Camp |
| 12:13 | Create | Villager (Male) |
| 12:16 | Create | Villager (Male) |
| 13:39 | Create | Villager (Male) |
| 13:40 | Create | Villager (Male) |
| 13:57 | Build | Market |
| 14:07 | Build | Blacksmith |
| 14:09 | Create | Villager (Male) |
| 14:12 | Build | Farm |
| 14:36 | Create | Villager (Male) |
| 15:26 | Research | Castle Age |
| 16:10 | Build | Barracks |
| 17:07 | Create | Spearman |
| 17:07 | Create | Spearman |
| 17:07 | Create | Spearman |
| 17:20 | Build | Farm |
| 17:21 | Build | Farm |
| 17:22 | Build | Farm |
| 17:24 | Build | Farm |
| 17:25 | Build | Farm |
| 17:59 | Create | Villager (Male) |
| 17:59 | Create | Villager (Male) |
| 18:06 | Age | Castle Age |
| 18:10 | Build | Town Center |
| 18:14 | Research | Bow Saw |
| 18:25 | Research | Pikeman (upgrade) |
| 18:56 | Create | Villager (Male) |
| 18:56 | Create | Villager (Male) |
| 19:10 | Create | Villager (Male) |
| 20:13 | Research | Wheelbarrow |
| 20:14 | Create | Villager (Male) |
| 20:15 | Create | Villager (Male) |
| 20:21 | Create | Trade Cart |
| 20:37 | Build | Castle |
| 20:45 | Create | Spearman |
| 20:45 | Create | Spearman |
| 20:45 | Create | Spearman |
| 21:08 | Create | Villager (Male) |
| 21:08 | Create | Villager (Male) |
| 21:11 | Build | Farm |
| 21:15 | Create | Villager (Male) |
| 21:22 | Build | Town Center |
| 22:07 | Create | Villager (Male) |
| 22:08 | Create | Villager (Male) |
| 22:10 | Build | Farm |
| 22:12 | Build | Farm |
| 22:14 | Create | Villager (Male) |
| 22:14 | Create | Villager (Male) |
| 23:27 | Create | Villager (Male) |
| 23:28 | Create | Villager (Male) |
| 23:31 | Build | Farm |
| 23:32 | Build | Farm |
| 23:39 | Build | Farm |
| 23:40 | Build | Farm |
| 23:44 | Create | Villager (Male) |
| 23:46 | Create | Villager (Male) |
| 23:46 | Create | Villager (Male) |
| 23:46 | Create | Villager (Male) |
| 23:47 | Create | Villager (Male) |
| 24:01 | Research | Scale Mail Armor |
| 24:06 | Build | Farm |
| 24:08 | Create | Villager (Male) |
| 24:11 | Create | Villager (Male) |
| 24:11 | Create | Villager (Male) |
| 24:34 | Build | Mining Camp |
| 25:01 | Research | Marauders |
| 25:08 | Build | Farm |
| 25:08 | Build | Farm |
| 25:11 | Build | Farm |
| 25:16 | Research | Hand Cart |
| 25:19 | Create | Villager (Male) |
| 25:19 | Create | Villager (Male) |
| 25:43 | Build | Farm |
| 26:06 | Create | Tarkan |
| 26:06 | Create | Tarkan |
| 26:07 | Create | Tarkan |
| 26:07 | Create | Tarkan |
| 26:07 | Create | Tarkan |
| 26:07 | Create | Tarkan |
| 26:31 | Research | Gold Mining |
| 26:39 | Research | Loom |
| 26:47 | Create | Villager (Male) |
| 26:48 | Create | Villager (Male) |
| 26:48 | Create | Villager (Male) |
| 26:48 | Create | Villager (Male) |
| 26:49 | Create | Villager (Male) |
| 27:36 | Research | Scale Barding Armor |
| 27:38 | Research | Forging |
| 27:44 | Build | Farm |
| 27:45 | Build | Farm |
| 27:48 | Build | Farm |
| 27:51 | Build | Farm |
| 27:52 | Create | Villager (Male) |
| 27:52 | Create | Villager (Male) |
| 27:55 | Create | Villager (Male) |
| 27:55 | Create | Villager (Male) |
| 27:56 | Create | Villager (Male) |
| 27:56 | Create | Villager (Male) |
| 28:00 | Create | Villager (Male) |
| 28:00 | Create | Villager (Male) |
| 28:19 | Create | Tarkan |
| 28:19 | Create | Tarkan |
| 28:20 | Create | Tarkan |
| 29:13 | Create | Villager (Male) |
| 29:13 | Create | Villager (Male) |
| 29:14 | Create | Villager (Male) |
| 29:17 | Build | Farm |
| 29:17 | Build | Farm |
| 29:18 | Build | Farm |
| 29:21 | Create | Villager (Male) |
| 29:22 | Create | Villager (Male) |
| 29:22 | Create | Villager (Male) |
| 29:36 | Build | Farm |
| 29:44 | Create | Villager (Male) |
| 29:44 | Create | Villager (Male) |
Build order — RelyingMarlin25
First 150 of 468 actions detected
| 0:03 | Build | House |
| 0:05 | Build | House |
| 0:06 | Create | Villager (Male) |
| 0:06 | Create | Villager (Male) |
| 0:06 | Create | Villager (Male) |
| 0:16 | Create | Villager (Male) |
| 0:16 | Create | Villager (Male) |
| 0:16 | Create | Villager (Male) |
| 1:36 | Create | Villager (Male) |
| 1:37 | Create | Villager (Male) |
| 1:37 | Create | Villager (Male) |
| 2:09 | Create | Villager (Male) |
| 2:10 | Create | Villager (Male) |
| 2:10 | Create | Villager (Male) |
| 2:18 | Create | Villager (Male) |
| 2:19 | Create | Villager (Male) |
| 3:15 | Create | Villager (Male) |
| 3:15 | Create | Villager (Male) |
| 3:16 | Create | Villager (Male) |
| 3:21 | Build | House |
| 3:22 | Build | House |
| 3:48 | Create | Villager (Male) |
| 3:48 | Create | Villager (Male) |
| 3:48 | Create | Villager (Male) |
| 4:31 | Create | Villager (Male) |
| 4:32 | Create | Villager (Male) |
| 4:32 | Create | Villager (Male) |
| 4:35 | Build | Mill |
| 5:01 | Create | Villager (Male) |
| 5:01 | Create | Villager (Male) |
| 5:02 | Create | Villager (Male) |
| 5:57 | Build | Lumber Camp |
| 5:59 | Create | Villager (Male) |
| 5:59 | Create | Villager (Male) |
| 6:00 | Create | Villager (Male) |
| 6:20 | Create | Villager (Male) |
| 6:20 | Create | Villager (Male) |
| 8:06 | Research | Feudal Age |
| 8:41 | Build | Mining Camp |
| 9:30 | Create | Villager (Male) |
| 9:34 | Build | House |
| 10:21 | Research | Double-Bit Axe |
| 10:27 | Create | Villager (Male) |
| 10:31 | Build | Blacksmith |
| 10:44 | Build | Market |
| 10:55 | Create | Villager (Male) |
| 10:55 | Create | Villager (Male) |
| 11:38 | Build | Farm |
| 11:45 | Build | Farm |
| 11:47 | Create | Villager (Male) |
| 12:03 | Build | Farm |
| 12:05 | Create | Villager (Male) |
| 12:25 | Build | Farm |
| 12:26 | Build | Farm |
| 12:33 | Create | Villager (Male) |
| 13:00 | Create | Villager (Male) |
| 13:17 | Build | Farm |
| 13:19 | Build | Farm |
| 13:22 | Create | Villager (Male) |
| 13:55 | Create | Villager (Male) |
| 14:12 | Build | Farm |
| 14:39 | Research | Castle Age |
| 15:12 | Build | Mining Camp |
| 15:55 | Build | Barracks |
| 16:00 | Research | Horse Collar |
| 16:39 | Build | Farm |
| 16:41 | Build | Farm |
| 16:42 | Build | Farm |
| 16:58 | Build | Farm |
| 17:01 | Create | Spearman |
| 17:06 | Build | House |
| 17:09 | Build | House |
| 17:34 | Create | Villager (Male) |
| 17:35 | Create | Villager (Male) |
| 17:36 | Create | Villager (Male) |
| 17:44 | Build | Siege Workshop |
| 18:32 | Build | Watch Tower |
| 18:42 | Research | Fletching |
| 18:52 | Create | Villager (Male) |
| 18:53 | Create | Villager (Male) |
| 20:00 | Create | Battering Ram |
| 20:00 | Create | Battering Ram |
| 20:09 | Create | Villager (Male) |
| 20:23 | Build | House |
| 20:50 | Create | Villager (Male) |
| 20:50 | Create | Villager (Male) |
| 20:52 | Research | Loom |
| 20:58 | Build | House |
| 20:59 | Build | House |
| 21:07 | Create | Battering Ram |
| 21:30 | Create | Villager (Male) |
| 22:03 | Create | Mangonel |
| 22:06 | Create | Mangonel |
| 22:13 | Build | House |
| 22:15 | Create | Villager (Male) |
| 22:16 | Create | Villager (Male) |
| 22:42 | Build | Castle |
| 23:07 | Build | House |
| 23:10 | Create | Villager (Male) |
| 23:10 | Create | Villager (Male) |
| 23:34 | Build | University |
| 24:17 | Build | Siege Workshop |
| 24:22 | Build | Siege Workshop |
| 24:40 | Create | Villager (Male) |
| 24:40 | Create | Villager (Male) |
| 25:08 | Create | Mangonel |
| 25:33 | Build | Farm |
| 25:43 | Build | Farm |
| 25:56 | Build | Farm |
| 25:58 | Build | Farm |
| 26:03 | Build | Farm |
| 26:28 | Research | Imperial Age |
| 26:40 | Create | Battering Ram |
| 27:18 | Research | Chemistry |
| 28:02 | Create | Hussite Wagon |
| 28:03 | Create | Hussite Wagon |
| 29:10 | Research | Ballistics |
| 29:27 | Build | Town Center |
| 29:39 | Build | Archery Range |
| 29:58 | Create | Villager (Male) |
| 29:59 | Create | Villager (Male) |
| 30:03 | Create | Villager (Male) |
| 30:03 | Create | Villager (Male) |
| 30:23 | Research | Murder Holes |
| 30:29 | Create | Villager (Male) |
| 30:30 | Create | Villager (Male) |
| 30:52 | Build | Archery Range |
| 31:00 | Create | Villager (Male) |
| 31:00 | Create | Villager (Male) |
| 31:04 | Create | Villager (Male) |
| 31:04 | Create | Villager (Male) |
| 31:22 | Create | Villager (Male) |
| 31:22 | Create | Villager (Male) |
| 31:22 | Create | Villager (Male) |
| 31:25 | Create | Villager (Male) |
| 31:25 | Create | Villager (Male) |
| 31:34 | Build | House |
| 31:35 | Build | House |
| 31:38 | Build | House |
| 32:06 | Create | Hussite Wagon |
| 32:06 | Create | Hussite Wagon |
| 32:20 | Build | Archery Range |
| 32:22 | Build | Archery Range |
| 32:26 | Create | Villager (Male) |
| 32:26 | Create | Villager (Male) |
| 32:30 | Create | Villager (Male) |
| 32:52 | Create | Villager (Male) |
| 33:06 | Research | Elite Skirmisher (upgrade) |
| 33:11 | Create | Hussite Wagon |
| 33:33 | Create | Bombard Cannon |
Build order — Estefano
First 150 of 372 actions detected
| 0:01 | Create | Villager (Male) |
| 0:02 | Create | Villager (Male) |
| 0:02 | Create | Villager (Male) |
| 0:02 | Create | Villager (Male) |
| 0:03 | Create | Villager (Male) |
| 0:06 | Build | House |
| 0:10 | Build | House |
| 1:33 | Create | Villager (Male) |
| 2:08 | Create | Villager (Male) |
| 2:09 | Create | Villager (Male) |
| 2:31 | Create | Villager (Male) |
| 2:32 | Create | Villager (Male) |
| 2:49 | Create | Villager (Male) |
| 2:49 | Create | Villager (Male) |
| 3:06 | Create | Villager (Male) |
| 3:25 | Create | Villager (Male) |
| 4:10 | Build | House |
| 4:13 | Build | House |
| 4:41 | Create | Villager (Male) |
| 4:41 | Create | Villager (Male) |
| 4:45 | Build | Mill |
| 5:09 | Create | Villager (Male) |
| 5:09 | Create | Villager (Male) |
| 5:27 | Create | Villager (Male) |
| 6:23 | Create | Villager (Male) |
| 6:24 | Create | Villager (Male) |
| 6:46 | Create | Villager (Male) |
| 6:46 | Create | Villager (Male) |
| 8:51 | Build | Lumber Camp |
| 9:30 | Research | Feudal Age |
| 9:56 | Build | Barracks |
| 10:12 | Build | House |
| 10:17 | Build | House |
| 10:27 | Create | Villager (Male) |
| 10:28 | Create | Villager (Male) |
| 10:29 | Create | Villager (Male) |
| 10:35 | Build | Farm |
| 10:38 | Build | Farm |
| 10:57 | Create | Villager (Male) |
| 11:02 | Build | House |
| 11:03 | Build | House |
| 11:14 | Build | Farm |
| 11:19 | Build | Farm |
| 11:22 | Build | Farm |
| 11:40 | Age | Feudal Age |
| 11:52 | Build | Blacksmith |
| 12:10 | Create | Villager (Male) |
| 12:10 | Create | Villager (Male) |
| 12:27 | Create | Villager (Male) |
| 12:34 | Research | Wheelbarrow |
| 12:42 | Build | Farm |
| 12:51 | Build | Mining Camp |
| 13:10 | Create | Villager (Male) |
| 13:25 | Build | Farm |
| 13:26 | Build | Farm |
| 13:26 | Build | Farm |
| 13:26 | Build | Farm |
| 13:27 | Build | Farm |
| 13:27 | Build | Farm |
| 13:49 | Build | Lumber Camp |
| 13:53 | Create | Villager (Male) |
| 13:54 | Create | Villager (Male) |
| 13:55 | Create | Villager (Male) |
| 14:24 | Create | Villager (Male) |
| 14:24 | Create | Villager (Male) |
| 14:32 | Build | House |
| 14:33 | Build | House |
| 14:35 | Build | House |
| 15:02 | Build | Stable |
| 15:31 | Build | Farm |
| 15:41 | Build | Farm |
| 16:06 | Build | Mining Camp |
| 16:20 | Build | House |
| 16:22 | Build | House |
| 16:30 | Create | Villager (Male) |
| 17:01 | Research | Castle Age |
| 17:01 | Research | Castle Age |
| 17:17 | Create | Villager (Male) |
| 17:17 | Create | Villager (Male) |
| 17:32 | Build | House |
| 17:34 | Build | House |
| 17:36 | Build | House |
| 17:38 | Build | House |
| 17:39 | Build | House |
| 18:29 | Research | Forging |
| 18:41 | Create | Villager (Male) |
| 18:41 | Create | Villager (Male) |
| 18:42 | Create | Villager (Male) |
| 18:55 | Research | Double-Bit Axe |
| 19:00 | Research | Horse Collar |
| 19:12 | Create | Villager (Male) |
| 19:29 | Create | Villager (Male) |
| 19:41 | Age | Castle Age |
| 20:00 | Research | Bow Saw |
| 20:21 | Build | Farm |
| 20:21 | Build | Farm |
| 20:22 | Build | Farm |
| 20:30 | Create | Villager (Male) |
| 20:32 | Create | Villager (Male) |
| 21:16 | Build | Castle |
| 21:38 | Create | Villager (Male) |
| 21:38 | Create | Villager (Male) |
| 21:39 | Create | Villager (Male) |
| 21:45 | Build | Farm |
| 21:53 | Build | House |
| 22:01 | Build | House |
| 22:03 | Build | House |
| 22:05 | Build | House |
| 22:06 | Build | House |
| 22:08 | Build | House |
| 22:28 | Create | Villager (Male) |
| 22:29 | Create | Villager (Male) |
| 22:29 | Create | Villager (Male) |
| 22:30 | Create | Villager (Male) |
| 22:50 | Build | Town Center |
| 22:54 | Create | Villager (Male) |
| 22:55 | Create | Villager (Male) |
| 22:55 | Create | Villager (Male) |
| 23:09 | Create | Villager (Male) |
| 23:26 | Build | House |
| 23:29 | Build | House |
| 23:33 | Build | House |
| 23:35 | Build | House |
| 24:06 | Create | Villager (Male) |
| 24:07 | Create | Villager (Male) |
| 24:07 | Create | Villager (Male) |
| 24:08 | Create | Villager (Male) |
| 24:54 | Build | Mining Camp |
| 24:56 | Create | Gbeto |
| 24:57 | Create | Gbeto |
| 25:02 | Create | Villager (Male) |
| 25:02 | Create | Villager (Male) |
| 25:28 | Build | Town Center |
| 25:39 | Build | Mining Camp |
| 25:49 | Create | Villager (Male) |
| 25:49 | Create | Villager (Male) |
| 25:50 | Create | Villager (Male) |
| 25:51 | Create | Villager (Male) |
| 26:12 | Create | Gbeto |
| 26:13 | Create | Gbeto |
| 26:27 | Create | Gbeto |
| 26:28 | Create | Gbeto |
| 27:17 | Build | University |
| 27:45 | Create | Gbeto |
| 27:45 | Create | Gbeto |
| 27:46 | Create | Gbeto |
| 27:46 | Create | Gbeto |
| 27:47 | Create | Gbeto |
| 27:47 | Create | Gbeto |
| 27:49 | Create | Villager (Male) |
Match timeline
| 8:37 | benegesserit_333 · first_building Barracks |
| 9:56 | Estefano · first_building Barracks |
| 10:18 | benegesserit_333 · age_up feudal |
| 10:21 | benegesserit_333 · first_building Archery Range |
| 10:51 | aktaa_darwish · age_up feudal |
| 11:15 | marco · age_up feudal |
| 11:31 | [420] Maxy Tannen · age_up feudal |
| 11:40 | Estefano · age_up feudal |
| 13:31 | pippo · age_up feudal |
| 13:51 | Nimoy · age_up feudal |
| 14:16 | RelyingMarlin25 · first_market_buy 100 food |
| 15:02 | Estefano · first_building Stable |
| 15:03 | Nimoy · first_building Barracks |
| 15:05 | [420] Maxy Tannen · first_market_sell 100 stone |
| 15:06 | [420] Maxy Tannen · first_market_buy 100 food |
| 15:06 | benegesserit_333 · age_up castle |
| 15:19 | marco · age_up castle |
| 15:38 | marco · first_market_sell 100 stone |
| 15:41 | marco · first_market_buy 100 wood |
| 15:55 | RelyingMarlin25 · first_building Barracks |
| 15:58 | aktaa_darwish · first_building Barracks |
| 16:09 | Nimoy · first_market_buy 100 food |
| 16:10 | [420] Maxy Tannen · first_building Barracks |
| 16:16 | Nimoy · first_market_sell 100 wood |
| 16:39 | benegesserit_333 · first_building Castle |
| 17:03 | pippo · age_up castle |
| 17:29 | pippo · first_building Castle |
| 17:44 | RelyingMarlin25 · first_building Siege Workshop |
| 18:06 | [420] Maxy Tannen · age_up castle |
| 18:15 | aktaa_darwish · age_up castle |
| 19:13 | Nimoy · age_up castle |
| 19:16 | Nimoy · first_building Siege Workshop |
| 19:41 | Estefano · age_up castle |
| 20:19 | marco · first_building Castle |
| 20:37 | [420] Maxy Tannen · first_building Castle |
| 21:16 | Estefano · first_building Castle |
| 21:34 | marco · first_building Barracks |
| 22:17 | pippo · first_building Siege Workshop |
| 22:42 | RelyingMarlin25 · first_building Castle |
| 23:34 | marco · first_building Stable |
| 26:23 | RelyingMarlin25 · first_market_sell 100 food |
| 26:29 | aktaa_darwish · first_building Castle |
| 28:06 | pippo · first_building Barracks |
| 29:39 | RelyingMarlin25 · first_building Archery Range |
| 31:53 | [420] Maxy Tannen · first_building Stable |
| 33:02 | aktaa_darwish · age_up imperial |
| 33:19 | benegesserit_333 · age_up imperial |
| 33:55 | aktaa_darwish · first_building Stable |
| 34:34 | [420] Maxy Tannen · age_up imperial |
| 41:09 | [420] Maxy Tannen · first_building Monastery |
| 41:28 | pippo · age_up imperial |
| 41:54 | Nimoy · first_building Castle |
| 42:01 | Estefano · first_building Archery Range |
| 42:27 | Estefano · first_market_sell 500 wood |
| 44:00 | Estefano · age_up imperial |
| 44:20 | Nimoy · first_building Monastery |
| 48:44 | pippo · first_building Stable |
| 50:25 | [420] Maxy Tannen · first_building Siege Workshop |
| 53:01 | Estefano · resign |
| 53:33 | RelyingMarlin25 · wall_segment Stone Wall x2 |
[ AI ANALYSIS · 1 CREDIT ]
What really happened in this match?
Wolo.gg analyzes every decision: build order, eco, micro, common mistakes by bracket. Personalized analysis on WhatsApp or Discord in 30 seconds.
Civ guide
Chinese
Perfil
Jugador #19905718